 Dungeon Crawl Stone Soup version 0.29-a0-266-gf56f883ddd (webtiles) character file.

Game seed: 14360599904829077412

344 spaghetti the Digger (level 6, 0/49 HPs)
             Began as a Demigod Earth Elementalist on Mar 7, 2022.
             Slain by an orc
             ... wielding a +0 hand axe
              (5 damage)
             ... on level 4 of the Dungeon.
             The game lasted 00:05:10 (3971 turns).

spaghetti the Digger (Demigod Earth Elementalist)   Turns: 3971, Time: 00:05:10

Health: 0/49       AC:  2    Str:  9    XL:     6   Next: 9%
Magic:  0/11       EV: 12    Int: 25    God:
Gold:   247        SH:  0    Dex: 14    Spells: 4/8 levels left

rFire   . . .      SeeInvis .   e - +2 dagger (venom) {short}
rCold   . . .      Faith    .   (no shield)
rNeg    . . .      Spirit   .   b - +0 robe
rPois   .          Reflect  .   (no helmet)
rElec   .          Harm     .   (no cloak)
rCorr   .          Rampage  .   (no gloves)
Will    .....                   (no boots)
Stlth   ++........              (no amulet)
HPRegen 0.16/turn               (no ring)
MPRegen 0.12/turn               (no ring)

@: very slightly contaminated
A: high MP 1, forlorn, divine attributes, robust 1, wild magic 1
a: no special abilities


You were on level 4 of the Dungeon.
You visited 1 branch of the dungeon, and saw 4 of its levels.

You collected 247 gold pieces.


Innate Abilities, Weirdness & Mutations

You have an increased reservoir of magic. (+10% MP)
You shall have no god before yourself.
Your divine heritage dramatically boosts your attributes as you level up.
You are robust. (+10% HP)
Your spells are a little harder to cast, but a little more powerful.


   Skills:
 - Level 1.7 Dodging
 - Level 1.7 Stealth
 - Level 1.7 Spellcasting
 + Level 3.6 Conjurations
 + Level 1.7 Transmutations
 - Level 5.0 Earth Magic


You had 4 spell levels left.
You knew the following spells:

 Your Spells              Type           Power      Damage    Failure   Level
a - Sandblast             Erth           70%        2d15      3%          1
b - Stone Arrow           Conj/Erth      60%        3d10      10%         3

Your spell library contained the following spells:

 Spells                   Type           Power      Damage    Failure   Level
 Passwall                 Tmut/Erth      20%        N/A       7%          2
 Petrify                  Tmut/Erth      24%        N/A       36%         4
 Fulminant Prism          Conj/Hex       7%         3d7       58%         4
 Iskenderun's Mystic Bla  Conj/Tloc      14%        2d5       58%         4
 Lee's Rapid Deconstruct  Erth           17%        3d12*     47%         5
 Metabolic Englaciation   Hex/Ice        1%         N/A       98%         5
 Statue Form              Tmut/Erth      16%        N/A       99%         6

Inventory:

Hand Weapons
 d - a +2 vampiric dagger {short}
   (You found it on level 1 of the Dungeon)
 e - a +2 dagger of venom (weapon) {short}
   (You took it off a goblin on level 2 of the Dungeon)
Missiles
 a - 127 stones {throwing}
 n - 2 atropa-tipped darts {throwing}
Armour
 b - a +0 robe (worn)
Wands
 j - a wand of mindburst (13)
   (You found it on level 2 of the Dungeon)
 m - a wand of iceblast (13)
   (You found it on level 3 of the Dungeon)
Scrolls
 f - a scroll of teleportation {@r4}
 g - 2 scrolls of noise {unknown}
 k - 2 scrolls of enchant weapon
 l - a scroll of vulnerability {unknown}
 p - a scroll of identify {@r1}
Potions
 c - a potion of magic
 h - a potion of lignification {!q}
 i - 2 potions of ambrosia {unknown}
 o - a potion of invisibility {unknown}

Dungeon Overview and Level Annotations

Branches:
Dungeon (4/15)
 Temple: D:4-7

......#..# ##....#..#
## .## .........#.
#"...## ##..#......#
#.#...
.........#..##.#..
....#...## ......
#.#.#..## ##.##.#
....#...+##..##$####
#<#...P..#......@o)#
###..Pā‰ˆP......####.#
#..Pā‰ˆP.....## o.
##.....āŒ ...# ##
##.......## ####....#
######


You could see 2 orcs.


Message History

Okay, then.
Unknown command.
There is a fountain of clear blue water here.
An orc comes into view. It is wielding a +0 club.
An orc is nearby!
An orc is nearby!
An orc is nearby!
The orc shouts!
An orc comes into view. It is wielding a +0 war axe.
An orc warrior comes into view. It is wielding a +0 hand axe.
The orc shouts!
You hear a shout! x2
An orc comes into view. It is wielding a +0 hand axe.
The orc hits you with a +0 war axe. šŸ˜• HP[-3]
You take 3 damage, and now have 38/41 hp.
You hit the orc.
The orc is poisoned.
The orc hits you with a +0 war axe! šŸ˜® HP[-8]
You take 8 damage, and now have 30/41 hp.
You are too injured to fight recklessly!
You are too injured to fight recklessly!
You are too injured to fight recklessly!
You are too injured to fight recklessly!
You are too injured to fight recklessly!
You are too injured to fight recklessly!
You are too injured to fight recklessly!
You are too injured to fight recklessly!
You are too injured to fight recklessly!
You are too injured to fight recklessly!
You are too injured to fight recklessly!
Unknown command.
You hit the orc.
You kill the orc!
The orc throws a boomerang.
The boomerang hits you. šŸ˜® HP[-4]
You take 4 damage, and now have 26/41 hp.
Aiming: Sandblast (safe; 3% risk of failure)
Press: ? - help, Q - select action, (/) - cycle Shift-Dir - straight line, f - orc warrior
Aim: an orc warrior, wielding a +0 hand axe and wearing a +0 chain mail (78% to hit)
The blast of sand misses the orc warrior.
The blast of sand hits the orc!
You kill the orc!
The orc warrior hits you with a +0 hand axe. šŸ˜® HP[-2] MP[-1]
You take 2 damage, and now have 24/41 hp.
You lost 1 mp, and now have 9/10 mp.
Aiming: Sandblast (safe; 3% risk of failure)
Press: ? - help, Q - select action, (/) - cycle Shift-Dir - straight line, f/p - orc warrior
Aim: an orc warrior, wielding a +0 hand axe and wearing a +0 chain mail (78% to hit)
The blast of sand hits the orc warrior!
The orc warrior hits you with a +0 hand axe. šŸ˜® HP[-3] MP[-1]
You take 3 damage, and now have 21/41 hp.
You lost 1 mp, and now have 8/10 mp.
Aiming: Sandblast (safe; 3% risk of failure)
Press: ? - help, Q - select action, (/) - cycle Shift-Dir - straight line, f/p - orc warrior
Aim: an orc warrior, wielding a +0 hand axe and wearing a +0 chain mail (heavily wounded, 78% to hit)
The blast of sand hits the orc warrior!
The orc warrior hits you with a +0 hand axe!
* * * LOW HITPOINT WARNING * * *
šŸ˜± HP[-17] MP[-1]
You take 17 damage, and now have 4/41 hp.
MASSIVE DAMAGE!! (PAUSE)
You lost 1 mp, and now have 7/10 mp.
Okay, then.
Aiming: Sandblast (safe; 3% risk of failure)
Press: ? - help, Q - select action, (/) - cycle Shift-Dir - straight line, f/p - orc warrior
Aim: an orc warrior, wielding a +0 hand axe and wearing a +0 chain mail (severely wounded, 78% to hit)
Okay, then.
Casting: Sandblast (safe; 3% risk of failure)
Confirm with . or Enter, or press ? or * to list all spells.
Aiming: Stone Arrow (dangerous; 13% risk of failure)
Press: ? - help, Shift-Dir - straight line, f/p - orc warrior
Aim: an orc warrior, wielding a +0 hand axe and wearing a +0 chain mail (severely wounded, 68% to hit)
You miscast Stone Arrow.
You are very lightly contaminated with residual magic.
Nothing appears to happen.
The orc warrior misses you. šŸ˜± MP[-3]
You lost 3 mp, and now have 4/10 mp.
Casting: Stone Arrow (dangerous; 13% risk of failure)
Confirm with . or Enter, or press ? or * to list all spells.
Aiming: Stone Arrow (dangerous; 13% risk of failure)
Press: ? - help, Shift-Dir - straight line, f/p - orc warrior
Aim: an orc warrior, wielding a +0 hand axe and wearing a +0 chain mail (severely wounded, 68% to hit)
The stone arrow hits the orc warrior!
You kill the orc warrior!
An orc comes into view. It is wielding a +0 whip.
Your Transmutations skill increases to level 1!
You have reached level 6!
Your experience leads to a dramatic increase in your attributes!
Increase (S)trength, (I)ntelligence, or (D)exterity?
You feel clever. x4 šŸ˜± HP[+1] MP[-3]
You now have 49 max hp (+8).
You lost 3 mp, and now have 1/11 mp.
Casting: Stone Arrow (dangerous; 10% risk of failure)
Confirm with . or Enter, or press ? or * to list all spells.
Aiming: Sandblast (safe; 3% risk of failure)
Press: ? - help, Shift-Dir - straight line, f - orc
Aim: an orc, wielding a +0 hand axe and wearing a +0 leather armour (82% to hit)
The blast of sand hits the orc.
The orc hits you with a +0 hand axe.
You die...

Skill      XL: |  1  2  3  4  5 |
---------------+----------------+-----
Earth Magic    | 3 4 5 |  5.0
Conjurations   | 1 2 3 |  3.6
Transmutations | 1 |  1.7
Dodging        | |  1.7
Stealth        | |  1.7
Spellcasting   | |  1.7

Action                   |  1- 3 |  4- 6 || total
-------------------------+-------+-------++-------
Melee: Dagger            |    53 |    63 ||   116
 Cast: Sandblast         |    37 |    22 ||    59
       Stone Arrow       |       |     1 ||     1
  Use: Scroll            |     4 |       ||     4
       Potion            |     2 |       ||     2
 Stab: Sleeping          |     1 |     2 ||     3
Armor: Robe              |     8 |     8 ||    16
       Skin              |     8 |       ||     8
Dodge: Dodged            |    33 |    44 ||    77

Levels and vault maps discovered:
D:1:      scummos_arrival_gate, layout_basic,
          hellmonk_ecumenical_altar_arch_garden, minmay_ruptured
D:2:      layout_basic, uniq_natasha, uniq_jessica
D:3:      layout_basic, lemuel_tele_altar
D:4:      layout_basic, lemuel_round_altar, mainiacjoe_overflow_cross_hatched,
          makhleb_heckhound_becter, tso_oasis_becter

Notes
Turn   | Place    | Note
-------+----------+-------------------------------------------
     0 | D:1      | spaghetti the Demigod Earth Elementalist began the quest
                  | for the Orb.
     0 | D:1      | Reached XP level 1. HP: 14/14 MP: 5/5
     0 | D:1      | magus.rc [v1.9.6]
   274 | D:1      | Reached skill level 3 in Earth Magic
   863 | D:1      | Reached XP level 2. HP: 12/20 MP: 2/7
  1175 | D:1      | Gained mutation: You are robust. (+10% HP) [potion of
                  | mutation]
  1175 | D:1      | Gained mutation: Your spells are a little harder to cast,
                  | but a little more powerful. [potion of mutation]
  1282 | D:2      | HP: 4/22 [rat (2)]
  1291 | D:2      | HP: 5/33 [adder (2)]
  1555 | D:2      | Reached XP level 3. HP: 26/28 MP: 8/8
  1559 | D:2      | Learned a level 3 spell: Stone Arrow
  1668 | D:2      | You pick up a book of Blasting and begin reading...
  1668 | D:2      | You add the spells Fulminant Prism, Iskenderun's Mystic
                  | Blast and Lee's Rapid Deconstruction to your library.
  1695 | D:2      | Reached skill level 4 in Earth Magic
  2193 | D:2      | Noticed Natasha
  2196 | D:2      | Killed Natasha
  2197 | D:2      | Reached skill level 1 in Conjurations
  2228 | D:2      | Noticed Jessica
  2233 | D:2      | Killed Jessica
  2234 | D:2      | Reached XP level 4. HP: 36/36 MP: 5/9
  2773 | D:3      | Reached skill level 2 in Conjurations
  3321 | D:3      | Reached XP level 5. HP: 28/41 MP: 8/10
  3557 | D:4      | You pick up a book of Sloth and begin reading...
  3557 | D:4      | You add the spells Metabolic Englaciation and Statue Form
                  | to your library.
  3612 | D:4      | Reached skill level 3 in Conjurations
  3612 | D:4      | Reached skill level 5 in Earth Magic
  3667 | D:4      | Noticed an orc warrior
  3961 | D:4      | Noticed an orc warrior
  3968 | D:4      | HP: 4/41 [orc warrior/+0 hand axe (17)]
  3970 | D:4      | Killed an orc warrior
  3971 | D:4      | Reached skill level 1 in Transmutations
  3971 | D:4      | Reached XP level 6. HP: 5/49 MP: 1/11
  3971 | D:4      | Slain by an orc

Vanquished Creatures
  An orc warrior (D:4)
  A scorpion (D:4)
  A hound (D:3)
  Jessica (D:2)
  Natasha (D:2)
  4 adders
  3 worms
  3 dart slugs
  4 orcs (D:4)
  2 bats
  2 endoplasms
  3 giant cockroaches
  7 goblins
  8 hobgoblins
  2 quokkas
  4 ball pythons
  4 frilled lizards
  7 kobolds
  4 rats
62 creatures vanquished.

Table legend:
 A = Non-vault XP
 B = Vault XP
 C = Vault XP percentage of total XP
 D = Non-vault monster count
 E = Vault monster count
 F = Vault count percentage of total count
                 A         B        C        D         E       F
            +---------+---------+-------+---------+---------+-------
      Total |     416 |      76 |  15.4 |      58 |       4 |   6.5
            +---------+---------+-------+---------+---------+-------
        D:1 |      16 |       4 |  20.0 |      11 |       2 |  15.4
        D:2 |      66 |      72 |  52.2 |      21 |       2 |   8.7
        D:3 |     108 |       0 |   0.0 |      19 |       0 |   0.0
        D:4 |     226 |       0 |   0.0 |       7 |       0 |   0.0
            +---------+---------+-------+---------+---------+-------

Illustrated notes

Table legend:
 A = Kills in this place as a percentage of kills in entire the game.
 B = Kills by you in this place as a percentage of kills by you in the entire game.
 C = Kills by friends in this place as a percentage of kills by friends in the entire game.
 D = Other kills in this place as a percentage of other kills in the entire game.
 E = Experience gained in this place as a percentage of experience gained in the entire game.
 F = Experience gained in this place divided by the number of levels of this place that you have seen.
                   A       B       C       D       E      F
               +-------+-------+-------+-------+-------+----------------------
         Total | 100.0 | 100.0 |   N/A |   N/A | 100.0 | 123.0
       Dungeon | 100.0 | 100.0 |   N/A |   N/A | 100.0 | 123.0
               +-------+-------+-------+-------+-------+----------------------

Table legend: (Time is in decaauts)
 A = Elapsed time spent in this place.
 B = Non-inter-level travel time spent in this place.
 C = Inter-level travel time spent in this place.
 D = Time resting spent in this place.
 E = Time spent auto-exploring this place.
 F = Levels seen in this place.
 G = Mean time per level.
                   A        B        C        D        E       F      G
               +--------+--------+--------+--------+--------+-----+--------+
         Total |   3970 |   3906 |     64 |    455 |   3002 |   4 |  992.5 |
       Dungeon |   3970 |   3906 |     64 |    455 |   3002 |   4 |  992.5 |
               +--------+--------+--------+--------+--------+-----+--------+

Top non-repeatable levels by time:
     D:2: 1362 daAuts
     D:3: 1200 daAuts
     D:1: 1193 daAuts
     D:4: 214 daAuts
